[Event "Early-Titled-Tuesday-Blitz-November-28-2023"]
[Site "Chess.com"]
[Date "2023.11.28"]
[Round "6"]
[White "jcibarra"]
[Black "BogdanDeac"]
[Result "1/2-1/2"]
[WhiteElo "2908"]
[BlackElo "2992"]
[TimeControl "180+1"]
[EndTime "9:13:55 PST"]
[Termination "Game drawn by repetition"]

1. e4 c6 2. Nf3 d5 3. d3 Nd7 4.
g3 dxe4 5. dxe4 e5 6. Bg2 Ngf6 7.
O-O Bc5 8. Qe2 O-O 9. a4 a5 10. Rd1 Ng4 11. Rf1 b6 12. Ne1 Ngf6 13. Nd3 Ba6 14.
Rd1 Qe7 15. Qf3 Rfd8 16. Nd2 Nf8 17. Nb3 Bd6 18. Bg5 N8d7 19. Bh3 h6 20. Bxd7 hxg5 21. Bxc6 Rac8 22. Bb5 Bb7 23. Nd2 Rxc2 24. Rac1 Rxd2 25. Rxd2 Nxe4 26. Rdc2 Nd2 27. Qh5 Nf3+ 28. Kf1 g6 29. Qh3 e4 30. Ne1 Nd4 31. Rc4 Nxb5 32. axb5 e3 33.
f3 e2+ 34. Kg2 Bb4 35. Rc7 Qe3 36. Rxf7 Kxf7 37. Rc7+ Be7 38. Qh7+ Kf6 39. Rxb7 Qe6 40. Rc7 Rd6 41. Qh8+ Kf7 42. Qh7+ Kf6 43. Qh8+ Kf7 44.
Rc8 Qd5 45. Qh7+ Kf6 46. Qh8+ Ke6 47. Qg8+ Kd7 48. Qe8+ Ke6 49. Qg8+ Kf6 50. Qh8+ Ke6 51. Qg8+ 1/2-1/2

[Event "Early-Titled-Tuesday-Blitz-November-28-2023"]
[Site "Chess.com"]
[Date "2023.11.28"]
[Round "6"]
[White "Burovic00"]
[Black "Aleksandar-Topalov"]
[Result "1-0"]
[WhiteElo "2573"]
[BlackElo "2382"]
[TimeControl "180+1"]
[EndTime "9:13:55 PST"]
[Termination "Burovic00 won on time"]

1. e4 e6 2. d3 c5 3. g3 Nc6 4. Bg2 d5 5. Nd2 Nf6 6. Nh3 Be7 7. O-O O-O 8. f4 dxe4 9. dxe4 e5 10. f5 b6 11. c3 Ba6 12. Re1 Qc7 13. g4 h6 14.
Bf1 Bxf1 15. Rxf1 Rad8 16. Qe2 Qd7 17. Nf2 Nh7 18. Nf3 Bf6 19. Be3 Qe7 20. Rad1 Ng5 21.
Bxg5 Bxg5 22. Rxd8 Rxd8 23. Rd1 Bf4 24. Rxd8+ Qxd8 25. Qd3 Qxd3 26. Nxd3 g5 27. b3 Kg7 28. Kf2 Kf6 29. Ke2 Ke7 30. h4 f6 31. h5 Kd6 32.
Nb2 b5 33. Kd3 a6 34. Ne1 Bc1 35. Nd1 Na5 36. Kc2 Bf4 37. Nd3 Nc6 38. N1b2 Be3 39. Ne1 Bf2 40. Nf3 Be3 41. Nd1 Bf4 42. Nf2 c4 43. Nd1 Na5 44. Nb2 Kc5 45. b4+ Kb6 46. bxa5+ Kxa5 47. a4 Kb6 48. Nd2 Kc5 49. Nb1 Bg3 50.
Na3 1-0

[Event "Early-Titled-Tuesday-Blitz-November-28-2023"]
[Site "Chess.com"]
[Date "2023.11.28"]
[Round "6"]
[White "Matols"]
[Black "chess_blitz00"]
[Result "1-0"]
[WhiteElo "2358"]
[BlackElo "2481"]
[TimeControl "180+1"]
[EndTime "9:13:55 PST"]
[Termination "Matols won on time"]

1. d4 d6 2. Nf3 Bg4 3. c4 Bxf3 4. exf3 Nf6 5. Nc3 Nbd7 6. Be3 e6 7. Qb3 Nb6 8. Be2 Be7 9. a4 a5 10. O-O O-O 11. Rad1 Qc8 12. f4 Nbd7 13. Bf3 c6 14. d5 cxd5 15. cxd5 Nc5 16. Qc2 Re8 17. dxe6 Qxe6 18.
Rfe1 Qc4 19. Rd4 Qa6 20. Nb5 Ne6 21. Rd2 Rac8 22. Qd1 d5 23. Bxd5 Nxd5 24. Rxd5 Bb4 25. Bd2 Nxf4 26. Rxe8+ Rxe8 27. Bxf4 Qf6 28. Be3 Qxb2 29.
Rd8 Qe5 30. Nc7 Rf8 31. Nb5 h6 32. g3 Kh7 33. Rd7 g6 34. Rxb7 Qe6 35. Rd7 Be7 36. Qd5 Qxd5 37. Rxd5 Rc8 38. Kg2 Bb4 39. Rd7 Kg7 40.
Bd4+ Kf8 41. Ra7 Rc4 42. Be3 g5 43. Kf3 Kg7 44. h3 Kg6 45. g4 h5 46. Ra6+ f6 47.
gxh5+ Kxh5 48. Rxf6 Rh4 49. Kg3 Be1 50. Rf5 1-0

[Event "Early-Titled-Tuesday-Blitz-November-28-2023"]
[Site "Chess.com"]
[Date "2023.11.28"]
[Round "6"]
[White "Iball95"]
[Black "LizardMorrison"]
[Result "1-0"]
[WhiteElo "2833"]
[BlackElo "2215"]
[TimeControl "180+1"]
[EndTime "9:13:56 PST"]
[Termination "Iball95 won by checkmate"]

1. e4 c5 2. Nc3 Nc6 3. Nf3 g6 4.
d4 cxd4 5. Nxd4 Bg7 6. Nxc6 bxc6 7. Bc4 e6 8. O-O d5 9. exd5 cxd5 10. Nxd5 exd5 11. Bxd5 Rb8 12. Bxf7+ Kxf7 13. Qxd8 Ne7 14. Qc7 Ba6 15. Bg5 Rhe8 16. Rfe1 Rb7 17. Qa5 Bc4 18. Bxe7 Rexe7 19. Rxe7+ Rxe7 20. Re1 Rd7 21. b3 Be6 22. h3 h5 23. c4 Bd4 24. Qg5 Bf6 25. Qf4 Bf5 26. g4 Rd4 27. Qh6 hxg4 28. Qh7+ Kf8 29. Qh6+ Kf7 30. Qe3 gxh3 31. Qe8+ Kg7 32. Re7+ Kh6 33. Re3 Kh5 34. Qf7 Bg5 35. Rg3 Bh6 36.
Qxa7 Rd1+ 37. Kh2 Bf4 38. Qh7+ Bh6 39. Qb7 Rf1 40. Qf3+ Kh4 41. Rxh3+ Kg5 42. Qg2+ Kf6 43. Qxf1 Bf4+ 44. Kg1 Be4 45. Rh4 Kg5 46. Rxf4 Kxf4 47. c5 g5 48. Qc4 Kg4 49. c6 Kh3 50. Qxe4 g4 51. Qh1# 1-0

[Event "Early-Titled-Tuesday-Blitz-November-28-2023"]
[Site "Chess.com"]
[Date "2023.11.28"]
[Round "6"]
[White "Ziyamammadov"]
[Black "Chessbard1972"]
[Result "1/2-1/2"]
[WhiteElo "1904"]
[BlackElo "2408"]
[TimeControl "180+1"]
[EndTime "9:13:56 PST"]
[Termination "Game drawn by repetition"]

1. e4 c5 2. Nf3 a6 3. d4 cxd4 4. Nxd4 e6 5. Nc3 Nc6 6. Be3 Qc7 7.
f3 Nf6 8. Be2 Bb4 9. Qd2 d5 10.
a3 Bxc3 11. Qxc3 dxe4 12. fxe4 Nxe4 13. Qd3 Nf6 14. O-O-O Bd7 15. Bg5 O-O-O 16. Qc3 Ne5 17. Qxc7+ Kxc7 18. Bf4 Kb6 19. Bxe5 Nd5 20. Nb3 f6 21.
Bd4+ Kc7 22. Bf3 Bc6 23. Nc5 Rhe8 24. Rhe1 e5 25. Bc3 Nxc3 26. bxc3 Bxf3 27. gxf3 Kc6 28. Rxd8 Rxd8 29. Ne6 Rd7 30. Nf8 Rd8 31. Nxh7 Rh8 32. Ng5 fxg5 33. Rxe5 Rxh2 34. Rxg5 Rf2 35. Rg6+ Kc5 36.
Rxg7 Rxf3 37. Rxb7 Kc6 38. Rb3 a5 39. Kd2 Kc5 40.
Rb8 Rf2+ 41. Ke3 Rxc2 42. Kd3 Ra2 43. Rc8+ Kb5 44. Rb8+ Ka4 45. Kc4 Rxa3 46. Re8 Ra1 47. Re2 Ka3 48. Kb5 a4 49. c4 Rb1+ 50. Ka5 Rb3 51.
c5 Rc3 52. Kb5 Kb3 53. c6 a3 54. Kb6 a2 55. Re1 Kb2 56. Re2+ Kb1 57. Re1+ Kb2 58. Re2+ Kb3 59. Re1 Kb2 1/2-1/2

[Event "Early-Titled-Tuesday-Blitz-November-28-2023"]
[Site "Chess.com"]
[Date "2023.11.28"]
[Round "6"]
[White "shimastream"]
[Black "Hovik_Hayrapetyan"]
[Result "0-1"]
[WhiteElo "2935"]
[BlackElo "2794"]
[TimeControl "180+1"]
[EndTime "9:13:57 PST"]
[Termination "Hovik_Hayrapetyan won on time"]

1. e4 c5 2. Nf3 d6 3. d4 cxd4 4. Qxd4 Nc6 5. Bb5 Bd7 6. Qd3 g6 7. O-O Bg7 8. c4 Nf6 9. h3 O-O 10. Nc3 a6 11. Bxc6 Bxc6 12. Be3 Nd7 13. Rfd1 Qa5 14.
Bd4 Ne5 15. Nxe5 dxe5 16. Be3 Rad8 17. Qc2 e6 18. a3 b5 19. cxb5 axb5 20. Qb3 Rfe8 21.
f3 h6 22. Rac1 Bf8 23. Na2 Rxd1+ 24. Rxd1 Rd8 25. Rc1 Ba8 26. Kh2 Qa6 27. Nb4 Qd6 28. Qc3 f5 29. Qc2 fxe4 30. fxe4 Bb7 31. Re1 Rc8 32.
Qe2 Rc4 33. Qf2 Rxe4 34. Rf1 Bg7 35. Bxh6 Bxh6 36. Qf7+ Kh8 37. Qxb7 Rf4 38. Re1 e4 39. Kh1 e3 40. Qc8+ Rf8 41. Qc3+ Kh7 42. Nc2 e2 43. Kg1 Qb6+ 44. Kh2 Bf4+ 45. Kh1 Qf2 46. Qd3 Bg3 47. Qxe2 Qxe2 0-1

[Event "Early-Titled-Tuesday-Blitz-November-28-2023"]
[Site "Chess.com"]
[Date "2023.11.28"]
[Round "6"]
[White "MeesvanOsch"]
[Black "Gyulamiryan-koryun"]
[Result "1-0"]
[WhiteElo "2418"]
[BlackElo "1928"]
[TimeControl "180+1"]
[EndTime "9:13:58 PST"]
[Termination "MeesvanOsch won on time"]

1. e4 e5 2. Nf3 Nc6 3. Bb5 a6 4. Ba4 Nf6 5. O-O Be7 6. c3 d6 7. d4 b5 8. Bc2 Bg4 9. d5 Nb8 10. h3 Bh5 11. a4 Nbd7 12. Be3 O-O 13. Nbd2 Qc8 14. Qe2 c5 15. axb5 axb5 16. Qxb5 Rb8 17. Qa4 Rxb2 18. Nc4 Rb7 19. Nfd2 Be2 20. Rfb1 Bxc4 21.
Nxc4 Qc7 22. Qc6 Rfb8 23. Qxc7 Rxc7 24. Rxb8+ Nxb8 25. Ra8 Rc8 26. Ba4 Rf8 27. f3 Nbd7 28. Ra7 Rd8 29. Bg5 h6 30. Bxf6 gxf6 31. Rxd7 Rxd7 32.
Bxd7 Kg7 33. Bf5 h5 34. Kf2 Kh6 35. h4 Kg7 36. g3 Kf8 37. Ke2 Ke8 38. Kd3 Kd8 39. Na5 Kc7 40. Kc4 Kb6 41. Nc6 Bf8 42. Bh7 Kc7 43. Bg8 Kd7 44. Bxf7 Kc7 45. Bxh5 Kd7 46. Bf7 Kc7 47. g4 Kd7 48. h5 Bh6 49.
Be6+ 1-0

[Event "Early-Titled-Tuesday-Blitz-November-28-2023"]
[Site "Chess.com"]
[Date "2023.11.28"]
[Round "6"]
[White "RamonManon0g"]
[Black "whitemirrorninja"]
[Result "1/2-1/2"]
[WhiteElo "2342"]
[BlackElo "2508"]
[TimeControl "180+1"]
[EndTime "9:13:59 PST"]
[Termination "Game drawn by repetition"]

1. e4 c5 2. Nf3 e6 3. g3 Nc6 4. Bg2 Nf6 5. Qe2 Be7 6. O-O O-O 7. e5 Nd5 8. Rd1 d6 9. c3 dxe5 10. Nxe5 Nxe5 11. Qxe5 Bf6 12. Qe2 Qc7 13. Na3 Bd7 14.
Nc4 Bb5 15. d3 Rfd8 16. a4 Bc6 17. h4 h6 18. a5 b5 19. axb6 axb6 20. Rxa8 Rxa8 21.
Ne3 Nxe3 22. Bxe3 Bxg2 23. Kxg2 Qc6+ 24. Qf3 Qxf3+ 25. Kxf3 Ra4 26. d4 cxd4 27. Bxd4 Bxd4 28. Rxd4 Rxd4 29. cxd4 Kf8 30. Ke4 Ke7 31. d5 Kd6 32.
dxe6 Kxe6 33. Kd4 g5 34. h5 g4 35. Kc4 f5 36. Kb5 f4 37. Kxb6 f3 38. Kc6 Ke5 39.
b4 Kd4 40. b5 Kd3 41. b6 Ke2 42. b7 Kxf2 43. b8=Q Kg2 44. Kd5 f2 45. Qb2 Kxg3 46. Qe5+ Kh3 47. Qf5 Kg3 48. Ke4 Kg2 49. Qxg4+ Kh1 50.
Qf3+ Kg1 51. Qg3+ Kh1 52. Qf3+ Kg1 53. Qe3 Kg2 54. Qe2 Kg1 55. Qg4+ Kh1 56. Qf3+ 1/2-1/2

[Event "Early-Titled-Tuesday-Blitz-November-28-2023"]
[Site "Chess.com"]
[Date "2023.11.28"]
[Round "6"]
[White "rasmussvane"]
[Black "mishanick"]
[Result "1/2-1/2"]
[WhiteElo "3002"]
[BlackElo "3066"]
[TimeControl "180+1"]
[EndTime "9:14:00 PST"]
[Termination "Game drawn by repetition"]

1. Nf3 d5 2. g3 g6 3. Bg2 Bg7 4.
d4 Nf6 5. O-O O-O 6. c4 dxc4 7.
Na3 c5 8. dxc5 c3 9. Nb5 Na6 10.
Nxc3 Nxc5 11. Be3 Nce4 12. Nxe4 Nxe4 13. Bd4 Qa5 14. Bxg7 Kxg7 15. Qd4+ Nf6 16. Qe5 Qxe5 17. Nxe5 Ng4 18. Nd3 Rb8 19. Rfc1 Bf5 20. Rc7 Bxd3 21. exd3 e6 22. Bxb7 Rfd8 23. Rd1 Nf6 24. Bf3 Rxb2 25. Rxa7 g5 26. h3 h5 27. Ra5 Kg6 28.
Kg2 g4 29. hxg4 hxg4 30. Bc6 Rd6 31. Ba8 Rc2 32. a4 Rb6 33. Be4+ Nxe4 34. dxe4 Rbb2 35. Rf1 Re2 36. e5 Ra2 37. Kg1 Re4 38. Ra8 Raxa4 39. Rxa4 Rxa4 40. Rb1 Re4 41. Rb5 Rd4 42. Kg2 Rc4 43.
Ra5 Rb4 44. Rc5 Rd4 45. Rb5 Re4 46. Rc5 Re1 47. Rb5 Re2 48. Rc5 Re4 49. Rb5 Kf5 50. Rb7 Kxe5 51. Rxf7 Kd4 52. Rd7+ Kc3 53. Rd6 e5 54.
Kf1 Rd4 55. Re6 Re4 56. Rd6 Rd4 57. Re6 Re4 58. Rd6 1/2-1/2

[Event "Early-Titled-Tuesday-Blitz-November-28-2023"]
[Site "Chess.com"]
[Date "2023.11.28"]
[Round "6"]
[White "arenal72"]
[Black "Narek_Ghimoyan"]
[Result "0-1"]
[WhiteElo "2479"]
[BlackElo "2310"]
[TimeControl "180+1"]
[EndTime "9:14:00 PST"]
[Termination "Narek_Ghimoyan won by checkmate"]

1. Nf3 d5 2. g3 Nf6 3. Bg2 c6 4. O-O Bf5 5. d3 e6 6. Be3 Be7 7. c4 dxc4 8. dxc4 Qxd1 9. Rxd1 O-O 10. Nc3 Nbd7 11. Nd4 Bg6 12. Nb3 Ne5 13. Na5 Rac8 14.
Bxa7 Ra8 15. Bb6 Ned7 16. Nxb7 Nxb6 17. b3 Ba3 18. Rd2 Bb4 19. Rc1 Bxc3 20. Rxc3 Ne4 21. Bxe4 Bxe4 22. f3 Bg6 23. a4 Rfb8 24. Nd6 Nc8 25.
Nf5 h6 26. Rd8+ Kh7 27. Nd4 Ne7 28. Rd7 Rd8 29. Rxe7 Rxd4 30. Rc7 Ra6 31. Kf2 Rd1 32. h4 h5 33. e4 Rd2+ 34. Ke3 Rb2 35. c5 e5 36. Kd3 Rg2 37. Kc4 Rxg3 38. Rb7 f6 39. Rb6 Bf7+ 40. Kb4 Ra8 41. Rxc6 Rb8+ 42. Rb6 Rc8 43.
c6 g5 44. hxg5 h4 45. c7 Rxg5 46. Rxf6 Rg7 47. Rf5 h3 48. Rc2 Bg6 49. Rxe5 Rgxc7 50. Rh2 Rb7+ 51. Ka3 Rcb8 52. Rxh3+ Kg7 53. f4 Bf7 54. Rg5+ Kf6 55. Rh6+ Ke7 56. Re5+ Kd7 57. b4 Rxb4 58. a5 Rb3+ 59. Ka2 Rb2+ 60. Ka3 R8b3+ 61. Ka4 Ra2# 0-1

[Event "Early-Titled-Tuesday-Blitz-November-28-2023"]
[Site "Chess.com"]
[Date "2023.11.28"]
[Round "6"]
[White "FM-to-GM"]
[Black "GKARU"]
[Result "1-0"]
[WhiteElo "2672"]
[BlackElo "2513"]
[TimeControl "180+1"]
[EndTime "9:14:02 PST"]
[Termination "FM-to-GM won on time"]

1. e4 c5 2. Nf3 a6 3. c3 d5 4.
d3 Nc6 5. e5 d4 6. c4 e6 7. g3 Nge7 8. Bg2 Ng6 9. Qe2 Rb8 10.
O-O b5 11. b3 Qc7 12. Re1 Bb7 13. h4 h6 14. h5 Nge7 15. Bf4 Nc8 16. Nbd2 Nb6 17.
Ne4 Nc8 18. Rac1 b4 19. g4 Be7 20. Bg3 a5 21. Nfd2 Ra8 22. f4 a4 23. Nf3 axb3 24.
axb3 Ra3 25. Rb1 Na5 26. Qc2 g6 27. hxg6 fxg6 28. Bh4 Bxe4 29. Rxe4 Kf7 30. Bxe7 Nxe7 31.
Ree1 Nac6 32. Nd2 Qa5 33. Ne4 Ra2 34. Rb2 Rxb2 35. Qxb2 Ra8 36. Nd6+ Kg7 37. f5 gxf5 38.
gxf5 exf5 39. Qf2 Qa2 40. Qg3+ Kh7 41. Qh3 Rg8 42. Kh1 Rg5 43. Bxc6 Nxc6 44. e6 Ne7 45.
Nf7 Rg6 46. Rg1 Rxg1+ 47. Kxg1 Qb1+ 48. Kf2 Qc2+ 49. Kf1 Qd1+ 50. Kg2 Qe2+ 51. Kg1 Qxe6 52. Ng5+ 1-0

[Event "Early-Titled-Tuesday-Blitz-November-28-2023"]
[Site "Chess.com"]
[Date "2023.11.28"]
[Round "6"]
[White "IsaqueGoncalvesSanto"]
[Black "LaPiToB"]
[Result "0-1"]
[WhiteElo "1907"]
[BlackElo "2278"]
[TimeControl "180+1"]
[EndTime "9:14:02 PST"]
[Termination "LaPiToB won by resignation"]

1. d4 Nf6 2. c4 e6 3. Nc3 Bb4 4. e3 O-O 5. Bd3 d5 6. a3 Bxc3+ 7. bxc3 c5 8. cxd5 Nxd5 9. Ne2 cxd4 10. cxd4 b6 11. O-O Bb7 12. e4 Nf6 13. f3 Nc6 14. Be3 Qe7 15. Qa4 Rfd8 16. Rfd1 a6 17. Qb3 b5 18.
Rac1 Rac8 19. Bb1 Na5 20. Qb4 Qxb4 21. axb4 Nc4 22. Bf2 Nb2 23. Rxc8 Rxc8 24. Rc1 Rxc1+ 25. Nxc1 Kf8 26. Nb3 Nd7 27. Nc5 Nxc5 28. dxc5 Nc4 29. Bd3 Ne5 30. Be2 Nc6 31. Be1 Ke7 32. Kf2 Kd7 33.
Ke3 e5 34. Bc3 f6 35. Bf1 Nd8 36. g3 Kc6 37. Bh3 a5 38. f4 exf4+ 39. gxf4 axb4 40.
Bxb4 Kc7 41. e5 fxe5 42. fxe5 Nc6 43. Bc3 b4 44. Bb2 Ne7 45. e6 Bd5 46. Bxg7 Kc6 47.
Be5 Kxc5 48. Bb2 Kd6 49. Kd4 h5 50. Bc1 Bxe6 51. Bf4+ Kd7 52. Bxe6+ Kxe6 53. Kc4 Nd5 54. Bb8 h4 55. Kb3 Ne7 56. Kxb4 Nc6+ 57. Kc4 Nxb8 58. Kd3 Kf5 59. Ke3 Kg4 60. Kf2 Kh3 61. Kg1 Nc6 62. Kh1 Ne5 63. Kg1 Ng4 64. Kh1 Nxh2 65.
Kg1 Ng4 66. Kh1 Kg3 67. Kg1 Nf2 68. Kf1 h3 0-1

[Event "Early-Titled-Tuesday-Blitz-November-28-2023"]
[Site "Chess.com"]
[Date "2023.11.28"]
[Round "6"]
[White "HATilay"]
[Black "Lion-Al-Messi"]
[Result "1-0"]
[WhiteElo "2515"]
[BlackElo "2630"]
[TimeControl "180+1"]
[EndTime "9:14:03 PST"]
[Termination "HATilay won on time"]

1. d4 Nf6 2. c4 b6 3. Nc3 Bb7 4. Nf3 e6 5. g3 Be7 6. Bg2 O-O 7. O-O Ne4 8. Bd2 Nxd2 9. Qxd2 f5 10. d5 Bf6 11. Rfe1 Na6 12. e4 Bxc3 13. bxc3 fxe4 14.
Rxe4 Nc5 15. Rg4 Qf6 16. Ng5 Rae8 17. Rf4 Qg6 18. Rxf8+ Rxf8 19. dxe6 Bxg2 20. Kxg2 dxe6 21. Re1 Qf5 22. f4 h6 23. Nf3 a5 24. Nd4 Qf7 25.
Re2 Rd8 26. Qe3 Qd7 27. Qf3 a4 28. Re5 a3 29. h4 Qa4 30. Qe2 Qa5 31. h5 Qxc3 32.
Nf3 Qb2 33. Kh3 Qxe2 34. Rxe2 Rd3 35. Ne5 Rd1 36. Re3 Rd2 37. Rxa3 g5 38. hxg6 Ne4 39. Ra8+ Kg7 40. Kg4 Nf6+ 41. Kf3 Nd7 42. Nxd7 Rxd7 43.
Re8 Rd3+ 44. Ke4 Rxg3 45. Rxe6 h5 46. f5 h4 47. Re7+ Kg8 48. Rh7 Rg4+ 49. Ke5 Rxc4 50. Rd7 h3 51. f6 Rc5+ 52. Kd4 1-0

[Event "Early-Titled-Tuesday-Blitz-November-28-2023"]
[Site "Chess.com"]
[Date "2023.11.28"]
[Round "6"]
[White "deribas12345"]
[Black "psychokiller48"]
[Result "1-0"]
[WhiteElo "2553"]
[BlackElo "2700"]
[TimeControl "180+1"]
[EndTime "9:14:04 PST"]
[Termination "deribas12345 won by resignation"]

1. d4 Nf6 2. c4 e6 3. Nc3 d5 4. cxd5 exd5 5. Bg5 Be7 6. e3 c6 7. Bd3 Nbd7 8. Nge2 Nh5 9. Bxe7 Qxe7 10. Qc2 g6 11. O-O-O Nb6 12. Rhe1 Be6 13. f3 O-O-O 14. e4 dxe4 15. fxe4 Kb8 16. Kb1 Rhe8 17. e5 Nd5 18.
Nxd5 Bxd5 19. g3 Ng7 20. Rf1 Ne6 21. Qc3 Qc7 22. Rf2 Rd7 23. Rdf1 Red8 24. h4 Rc8 25. Nf4 Nxf4 26. gxf4 c5 27. dxc5 Qxc5 28. Qxc5 Rxc5 29. Bc2 Rdc7 30. Bd3 Rd7 31. Bc2 Rc4 32. b3 Rd4 33. Rd1 Rxd1+ 34. Bxd1 Be4+ 35. Kc1 Rd4 36. Rd2 Rxd2 37. Kxd2 Kc7 38. Ke3 Bf5 39. Kd4 Kd7 40.
Bf3 b6 41. Bd5 Be6 42. b4 Ke7 43. a3 h6 44. a4 a5 45. bxa5 bxa5 46. Bc6 Kd8 47. Kc5 Kc7 48. Be8 Kd8 49. Bb5 Kc7 50. Bd3 Bd7 51. Bc2 Be8 52. Bb3 Kb7 53. Kd6 Kb6 54.
Ke7 1-0

[Event "Early-Titled-Tuesday-Blitz-November-28-2023"]
[Site "Chess.com"]
[Date "2023.11.28"]
[Round "6"]
[White "RobertoJBM"]
[Black "djano"]
[Result "1/2-1/2"]
[WhiteElo "2807"]
[BlackElo "2576"]
[TimeControl "180+1"]
[EndTime "9:14:07 PST"]
[Termination "Game drawn by repetition"]

1. e4 c5 2. Nf3 Nc6 3. d4 cxd4 4. Nxd4 g6 5. Nc3 Bg7 6. Be3 Nf6 7. Be2 O-O 8. Nb3 b6 9. O-O Bb7 10. Re1 d6 11.
Bf1 Ne5 12. f3 Rc8 13. Qd2 Nc4 14. Bxc4 Rxc4 15. Bh6 Bxh6 16. Qxh6 Qc7 17. Rad1 a6 18. Qe3 Rc8 19. e5 dxe5 20. Qxe5 Qxe5 21. Rxe5 e6 22. Rd6 Kf8 23. Re2 R4c6 24. Rxc6 Rxc6 25. Kf2 Ke7 26.
Rd2 h5 27. h4 a5 28. Nd4 Rd6 29. Ke3 Ba6 30. g3 Ne8 31. Ne4 Rd5 32. Nc6+ Kf8 33. Rxd5 exd5 34. Nc3 Bb7 35. Nd4 Nc7 36. g4 Ke7 37. gxh5 gxh5 38. Nce2 Kf6 39. Nf4 Ne6 40. Nxh5+ Ke5 41. f4+ Kd6 42. Ng3 Nf8 43. f5 Bc8 44.
Kf4 Kc5 45. c3 Kc4 46. Ke3 Nh7 47. Nge2 Nf6 48. b3+ Kc5 49. Kf4 b5 50. Nf3 b4 51.
cxb4+ Kxb4 52. Ne5 Ka3 53. Nxf7 Kxa2 54. Ne5 Kxb3 55. Nd4+ Kb2 56. Nec6 a4 57. Nb5 Bd7 58. Ncd4 a3 59. Nxa3 Kxa3 60. Ke5 Ng4+ 61. Kf4 Nf6 62. Kg5 Ne4+ 63. Kf4 Nf6 1/2-1/2

[Event "Early-Titled-Tuesday-Blitz-November-28-2023"]
[Site "Chess.com"]
[Date "2023.11.28"]
[Round "6"]
[White "CSB7"]
[Black "tetrix83"]
[Result "0-1"]
[WhiteElo "2702"]
[BlackElo "2537"]
[TimeControl "180+1"]
[EndTime "9:14:07 PST"]
[Termination "tetrix83 won by resignation"]

1. d4 Nf6 2. c4 g6 3. Nc3 Bg7 4. e4 d6 5. Be2 O-O 6. Nf3 e5 7. Be3 Na6 8. O-O Ng4 9. Bg5 Qe8 10. Re1 h6 11. Bh4 c6 12. h3 Nf6 13. Bg3 Nh5 14. Bh2 Nf4 15. Bf1 g5 16. Qd2 Nc7 17. Rad1 Qe7 18. a3 Qf6 19. Re3 Re8 20. Kh1 g4 21. hxg4 Bxg4 22. d5 c5 23. Ne2 Ng6 24. Rb1 h5 25. Rc3 Kh7 26. Ng3 Bh6 27. Qc2 Na6 28. Nf5 Bf4 29. g3 Bh6 30. Bg2 Rg8 31. b4 Bxf5 32. exf5 Ne7 33. Ng1 Rg4 34. Be4 Rag8 35.
Nf3 Kh8 36. b5 Nb8 37. a4 Nd7 38. a5 Qg7 39. Rg1 Nf6 40. Re1 Nxe4 41. Rxe4 Qf6 42.
Rxg4 hxg4 43. Nh4 Bg5 44. b6 a6 45. Qa4 Bxh4 46. gxh4 Nxf5 47. Qd7 e4 48. Rc1 e3 49.
Rf1 e2 50. Re1 Nd4 51. Bg3 Qf3+ 52. Kh2 Qe4 53. Qxd6 Nf3+ 54. Kh1 Nxe1+ 0-1

[Event "Early-Titled-Tuesday-Blitz-November-28-2023"]
[Site "Chess.com"]
[Date "2023.11.28"]
[Round "6"]
[White "jk13"]
[Black "Savagelittlemole"]
[Result "1/2-1/2"]
[WhiteElo "2615"]
[BlackElo "2486"]
[TimeControl "180+1"]
[EndTime "9:14:07 PST"]
[Termination "Game drawn - insufficient material"]

1. e4 c5 2. c3 g6 3. d4 Bg7 4.
Nf3 Nf6 5. e5 Nd5 6. dxc5 Nc7 7.
Bc4 O-O 8. O-O Nc6 9. Qe2 a5 10.
Qe4 Na6 11. Be3 Qc7 12. Bd4 Nxd4 13. cxd4 d6 14. Nc3 dxc5 15. d5 Bf5 16. Qf4 Nb4 17.
Rad1 Rad8 18. a3 Nc2 19. Nb5 Qb8 20. Bd3 Bxd3 21. Rxd3 Nd4 22. Nbxd4 cxd4 23. Qxd4 Rc8 24. Rfd1 Rfd8 25. Qa4 b6 26. h4 Bxe5 27. h5 Bxb2 28. hxg6 hxg6 29. Ng5 Bf6 30. Ne4 Bg7 31. d6 exd6 32.
Nxd6 Rc7 33. Ne4 Rxd3 34. Rxd3 Rc1+ 35. Rd1 b5 36. Qb3 a4 37. Qd3 Rxd1+ 38. Qxd1 Qe5 39.
Nd6 Qc5 40. Qd3 Be5 41. Nxb5 Qc1+ 42. Qf1 Qxf1+ 43. Kxf1 Bb2 44. Ke2 f5 45. Kd3 Kf7 46.
Kc2 Bf6 47. Nc3 Be7 48. Kb2 Bf6 49. Kc2 Be7 50. Nxa4 Bxa3 51. Kd3 Be7 52. Nb6 Ke6 53. Nc4 Bc5 54. Ke2 g5 55. Nd2 Ke5 56. Nf3+ Kf6 57. Nh2 g4 58. g3 Kg5 59. f4+ gxf3+ 60. Kxf3 Bd6 61. Nf1 Bxg3 62. Nxg3 f4 63. Ne2 Kf5 64. Nxf4 1/2-1/2

[Event "Early-Titled-Tuesday-Blitz-November-28-2023"]
[Site "Chess.com"]
[Date "2023.11.28"]
[Round "6"]
[White "Pasmendjambvirgulptipon98"]
[Black "andrzej"]
[Result "1-0"]
[WhiteElo "2251"]
[BlackElo "2448"]
[TimeControl "180+1"]
[EndTime "9:14:07 PST"]
[Termination "Pasmendjambvirgulptipon98 won on time"]

1. Nf3 d5 2. g3 c5 3. Bg2 Nc6 4. d4 Nf6 5. O-O e6 6. c4 dxc4 7. dxc5 Qxd1 8. Rxd1 Bxc5 9. Nbd2 c3 10. bxc3 O-O 11. Nb3 Be7 12. Nfd4 Nxd4 13. cxd4 Nd5 14. Bxd5 exd5 15. Bf4 g5 16. Bd2 Bd7 17. Rac1 Rac8 18.
Nc5 Bc6 19. f3 b6 20. Nd3 Bb5 21. Nf2 f6 22. Kf1 Ba3 23. Rxc8 Rxc8 24. Ng4 Kf7 25. Rb1 Bc4 26. Ne3 Ke6 27. Bb4 Bxb4 28. Rxb4 f5 29. a3 Rc6 30. Ke1 a5 31. Rb2 b5 32. Kd2 Rb6 33.
h4 h6 34. Nc2 Kd6 35. hxg5 hxg5 36. e3 Rb8 37. Rb1 Rh8 38. Kc3 Rh2 39. Rg1 Rf2 40. g4 Rxf3 41. gxf5 Rxf5 42. Kd2 Rf2+ 43. Kc3 Rf5 44.
Kd2 Ke6 45. Ne1 Kf6 46. Kc3 Kg6 47. Nd3 Rf8 48. Ne5+ Kh6 49. Ng4+ Kh5 50. Ne5 g4 51. Rxg4 Rf2 52. Rf4 Rxf4 53. exf4 1-0

[Event "Early-Titled-Tuesday-Blitz-November-28-2023"]
[Site "Chess.com"]
[Date "2023.11.28"]
[Round "6"]
[White "Jospem"]
[Black "AryanTari"]
[Result "0-1"]
[WhiteElo "3050"]
[BlackElo "2994"]
[TimeControl "180+1"]
[EndTime "9:14:08 PST"]
[Termination "AryanTari won by resignation"]

1. e4 e5 2. Bc4 Nf6 3. d3 Bc5 4. Nc3 c6 5. Nf3 d6 6. h3 a5 7.
a3 O-O 8. O-O h6 9. Be3 Bxe3 10.
fxe3 b5 11. Bb3 a4 12. Ba2 Be6 13. Qe1 Nbd7 14. Kh2 Bxa2 15. Rxa2 d5 16. exd5 cxd5 17. e4 Qb8 18. Ra1 Rc8 19. Rc1 Ra6 20. Kh1 d4 21. Na2 Nh5 22. Qh4 Ndf6 23. Nb4 Re6 24. Nd5 Ree8 25.
Nxf6+ Nxf6 26. Nh2 Rc6 27. Rf2 b4 28. Rcf1 bxa3 29. bxa3 Ree6 30. g4 Nh7 31. Nf3 f6 32. Qg3 Qb2 33. h4 Rxc2 34. g5 hxg5 35. Qg4 Nf8 36.
Kg2 Rxf2+ 37. Rxf2 Qxa3 38. hxg5 Qxd3 39. g6 Qe3 40. Ra2 a3 41. Nh4 Qg5 42. Qxg5 fxg5 43. Nf3 Nxg6 44. Rxa3 Nh4+ 45. Kg3 Nxf3 46. Kxf3 Rd6 47.
Kg4 d3 48. Ra1 d2 49. Rd1 Kf7 50. Kf5 g6+ 51. Kxe5 Rd3 52. Rf1+ Ke7 53. Rd1 g4 54. Kf4 Ke6 55. e5 Rd4+ 56. Ke3 Kxe5 57. Ke2 Ke4 58. Kf2 Kd3 0-1

[Event "Early-Titled-Tuesday-Blitz-November-28-2023"]
[Site "Chess.com"]
[Date "2023.11.28"]
[Round "6"]
[White "sumopork"]
[Black "GeorgiosSouleidis"]
[Result "0-1"]
[WhiteElo "2818"]
[BlackElo "2642"]
[TimeControl "180+1"]
[EndTime "9:14:08 PST"]
[Termination "GeorgiosSouleidis won on time"]

1. Nf3 Nf6 2. c4 g6 3. Nc3 Bg7 4. e4 d6 5. d4 O-O 6. Be2 e5 7. Be3 Ng4 8. Bg5 f6 9. Bh4 Nc6 10. d5 Ne7 11. Nd2 Nh6 12. O-O g5 13. Bg3 f5 14. f3 Ng6 15. b4 Nf4 16. c5 Nxe2+ 17. Qxe2 f4 18. Bf2 g4 19. fxg4 Nxg4 20. Nf3 Kh8 21. Rac1 Bd7 22. Kh1 Nxf2+ 23. Qxf2 Bf6 24. a4 Rg8 25. cxd6 cxd6 26. Nb5 Bg4 27. Nc7 Rc8 28. Ne6 Qd7 29. Qxa7 Bxe6 30. dxe6 Qxe6 31. Rxc8 Qxc8 32. Rg1 Bd8 33. Qf2 Qc6 34. Qd2 Bb6 35.
Rc1 Qd7 36. Nxe5 Qg7 37. Nc4 Be3 38. Nxe3 fxe3 39. Qe2 Qd4 40. Rf1 Re8 41. h3 Qxe4 42. b5 d5 43. Rf7 Qg6 44. Rd7 Qe6 45. Rxb7 d4 46. Qd3 Re7 47. Qxd4+ Kg8 48. Rxe7 Qxe7 49. Qg4+ Kf7 50. Qe2 Qe4 51. b6 Qb1+ 52. Kh2 Qxb6 53. a5 Qd6+ 54. g3 Qd2 55. Qxd2 exd2 56. a6 d1=Q 57. a7 Qc2+ 0-1